 Dungeon Crawl Stone Soup version 0.31-a0-521-gc7390f8997 (webtiles) character file.

Game seed: 4891244682515597039

39 Duck the Sneak (level 3, -1/14 HPs)
             Began as a Felid Ice Elementalist on Aug 10, 2023.
             Slain by Terence
             ... wielding a +0 mace
              (5 damage)
             ... on level 2 of the Dungeon.
             The game lasted 00:06:46 (4110 turns).

Duck the Sneak (Felid Ice Elementalist)             Turns: 4110, Time: 00:06:47

Health: -1/14      AC:  1    Str:  3 (4)  XL:     3   Next: 26%
Magic:  5/8        EV: 17    Int: 16 (18) God:
Gold:   63         SH:  0    Dex: 15 (16) Spells: 6/7 levels left
                                        Lives:  0   Deaths: 0

rFire   . . .        (weapon unavailable)
rCold   . . .        (shield unavailable)
rNeg    . . .        (body armour unavailable)
rPois   .            (helmet unavailable)
rElec   .            (cloak unavailable)
rCorr   .            (gloves unavailable)
SInv    +            (boots unavailable)
Will    .....        (no amulet)
Stlth   +++          (no ring)
HPRegen 0.22/turn    (no ring)
MPRegen 0.11/turn

%: no passive effects
@: quick
A: very small, claws 1, fangs 3, see invisible, speed 1, shaggy fur 1, stealthy
paws, no weapons or thrown items, no armour, multi-lived
a: no special abilities


You were on level 2 of the Dungeon.
You visited 1 branch of the dungeon, and saw 2 of its levels.

You collected 63 gold pieces.

Inventory:

Scrolls
 d - a scroll of identify {unknown}
 g - a scroll of immolation {unknown}
Potions
 a - a potion of magic
 e - 2 potions of degeneration
 h - a potion of mutation {unknown}


   Skills:
 - Level 2.7 Dodging
 * Level 4.0 Stealth
 * Level 2.6 Spellcasting
 + Level 3.8 Ice Magic


You had 6 spell levels left.
You knew the following spells:

 Your Spells              Type           Power      Damage    Failure   Level
a - Freeze                Ice            56%        1d7       4%          1

Your spell library contained the following spells:

 Spells                   Type           Power      Damage    Failure   Level
 Frozen Ramparts          Ice            28%        1d5       12%         3
 Ozocubu's Armour         Ice            14%        N/A       12%         3
 Summon Ice Beast         Ice/Summ       8%         N/A       65%         4
 Malign Gateway           Summ/Tloc      1%         N/A       100%        7
 Summon Horrible Things   Summ           1%         N/A       100%        8


Dungeon Overview and Level Annotations

Branches:
Dungeon (2/15)

Altars:

Shops:
D:1 :

Annotations:
D:2 Terence


Innate Abilities, Weirdness & Mutations

You have sharp claws.
You have razor-sharp teeth.
You have supernaturally acute eyesight. (SInv)
You cover ground quickly. (Speed+)
You are covered in fur. (AC +1)
Your paws help you pounce on unaware monsters.
You are incapable of wielding weapons or throwing items.
You cannot wear armour.
You gain extra lives every three experience levels.


Message History

An endoplasm comes into view.
An endoplasm is nearby!
Terence the Incautious comes into view.
He is wielding a +0 mace.
The endoplasm quivers.
Terence shouts!
You hear a shout!
The endoplasm jiggles.
Aiming: Freeze (safe; 4% risk of failure)
Press: ? - help, Q - select action Shift-Dir - straight line, f - endoplasm
Aim: an endoplasm You freeze the endoplasm.
The endoplasm is heavily wounded.
The endoplasm freezes you.
You are frozen.
You scratch the endoplasm but do no damage.
You bite the endoplasm, but do no damage.
The endoplasm is heavily wounded.
The endoplasm hits you.
You scratch the endoplasm. You bite the endoplasm.
You kill the endoplasm!
Your Stealth skill increases to level 4!
Aiming: Freeze (safe; 4% risk of failure)
Press: ? - help, Q - select action Shift-Dir - straight line, f - Terence
Aim: Terence, wielding a +0 mace and wearing a +0 ring mail You freeze Terence.
Terence is lightly wounded.
Terence screams, "I'm going to kill you!"
Terence closely misses you.
You barely miss Terence. You bite Terence, but do no damage.
Terence is lightly wounded.
Terence hits you with a +0 mace.
* * * LOW HITPOINT WARNING * * *
As you read the scroll labelled ADIRPH UJIPP, it crumbles to dust.
It is a scroll of brand weapon.
You aren't carrying any weapons that can be branded.
Terence barely misses you.
As you read the scroll labelled PIUNIP FONUER, it crumbles to dust.
It is a scroll of enchant weapon.
You aren't carrying any weapons that can be enchanted.
Terence hits you with a +0 mace.
You die...

##.#..........#
#.....#....#... ###
.#.#............ #..
................ #.#
####....#....... #.#
####...##### #.#
#.### #.# #@# #.#
#@# #># ##########.#
#.# ......†....# #.#
.#########.# #.# #.#
#.# #.# #.# #.# #.#
#### #.##########
#.# ..#
###..........#####.#


You could see Terence.

Vanquished Creatures
  An adder (D:2)
  6 bats (D:1)
  3 endoplasms
  A giant cockroach (D:1)
  2 goblins (D:1)
  4 hobgoblins
  2 kobolds (D:1)
  2 quokkas (D:1)
  A ball python (D:1)
  A frilled lizard (D:1)
  5 rats
28 creatures vanquished.

Notes
Turn   | Place    | Note
-------+----------+-------------------------------------------
     0 | D:1      | Duck the Felid Ice Elementalist began the quest for the
                  | Orb.
     0 | D:1      | Reached XP level 1. HP: 7/7 MP: 4/4
    84 | D:1      | Reached skill level 3 in Stealth
   167 | D:1      | Reached XP level 2. HP: 4/11 MP: 3/6
   669 | D:1      | Found Zisowic's Book Shoppe.
  4021 | D:2      | Reached XP level 3. HP: 14/14 MP: 5/7
  4093 | D:2      | Noticed Terence
  4106 | D:2      | Reached skill level 4 in Stealth
  4110 | D:2      | Slain by Terence

Illustrated notes

Levels and vault maps discovered:
D:1:      dpeg_arrival_subterranean_lakeside_camping, layout_basic,
          serial_shops, nicolae_book_shop_shelving
D:2:      layout_loops_ring, skrybe_limestone_x, uniq_terence

Skill      XL: |  1  2  3 |
---------------+----------+-----
Stealth        | 3 4 |  4.0
Dodging        | |  2.7
Spellcasting   | |  2.6
Ice Magic      | |  3.8

Action                     || total
---------------------------++-------
  Melee: Unarmed           ||    43
         Bite              ||     8
   Cast: Freeze            ||    24
    Use: Potion            ||     2
         Scroll            ||     3
   Stab: Sleeping          ||     1
 Armour: Skin              ||     3
  Dodge: Dodged            ||    42

Table legend: (Time is in decaauts)
 A = Elapsed time spent in this place.
 B = Non-inter-level travel time spent in this place.
 C = Inter-level travel time spent in this place.
 D = Time resting spent in this place.
 E = Time spent auto-exploring this place.
 F = Levels seen in this place.
 G = Mean time per level.
                   A        B        C        D        E       F      G
               +--------+--------+--------+--------+--------+-----+--------+
         Total |   3945 |   3931 |     14 |   3056 |    693 |   2 | 1972.5 |
       Dungeon |   3945 |   3931 |     14 |   3056 |    693 |   2 | 1972.5 |
               +--------+--------+--------+--------+--------+-----+--------+

Top non-repeatable levels by time:
     D:1: 3766 daAuts
     D:2: 179 daAuts
